Flames vs Flyers

Created - 22 décembre 2020 at 21:02

Goals
1 2 3 T
Flames 3 0 0 3
Flyers 2 1 1 4
Shots
1 2 3 T
Flames 13 15 10 38
Flyers 9 14 9 32

1st period

1. Flames , Jared Spurgeon 7 (John Tavares 21, Tom Wilson 12) at 4:03 (PP)
2. Flyers , Nino Niederreiter 5 (Nick Schmaltz 5, Vince Dunn 12) at 11:53
3. Flames , Charlie Coyle 5 (Brady Tkachuk 10, John Tavares 22) at 13:07
4. Flyers , Jamie Benn 12 (Noah Hanifin 8, Rasmus Andersson 11) at 14:36
5. Flames , Brady Tkachuk 9 (John Tavares 23, Brayden McNabb 5) at 15:50

Penalties :
Victor Hedman (PHI) for High sticking (Minor) at 3:38, Victor Hedman (PHI) for Hooking (Minor) at 17:11

2nd period

6. Flyers , Brendan Gallagher 10 (Jakub Voracek 13, Ryan Graves 4) at 17:29

Penalties :
Jakub Voracek (PHI) for High sticking (Minor) at 11:57

3rd period

7. Flyers , Rasmus Andersson 4 (Brendan Gallagher 15, Jamie Benn 19) at 10:07

Penalties :
Brady Tkachuk (CGY) for Hooking (Minor) at 0:57, Jamie Benn (PHI) for High sticking (Minor) at 4:34

Goalie Stats

Curtis McElhinney (CGY), 28 saves from 32 shots - (0,875), L, 0-2-0, 60:00 minutes
Sergei Bobrovsky (PHI), 35 saves from 38 shots - (0,921), W, 2-3-1, 60:00 minutes

Players Stats for Flames

Player Name              G  A  P  +/- PIM S  H  SB GA TA FO     MP     PP MP  PK MP  
------------------------------------------------------------------------------------
Alec Martinez            0  0  0  -1  0   1  3  1  0  0  0/0    13:54   0:00   0:00 
Ben Chiarot              0  0  0  -1  0   1  2  1  0  0  0/0    21:08   3:14   1:14 
Blake Wheeler            0  0  0   0  0   2  0  0  0  0  15/27  24:04   3:14   0:46 
Brady Tkachuk            1  1  2   0  2   6  4  0  0  0  2/2    20:00   3:08   0:00 
Brandon Tanev            0  0  0  -2  0   0  0  0  0  0  1/3    15:55   0:00   1:13 
Brayden McNabb           0  1  1  -1  0   2  0  1  0  0  0/0    21:08   3:14   1:14 
Charlie Coyle            1  0  1   0  0   5  0  1  0  0  0/0    21:06   3:14   0:00 
Esa Lindell              0  0  0   0  0   1  1  1  0  0  0/0    22:36   3:08   0:45 
Ethan Bear               0  0  0  -1  0   1  1  0  0  0  0/0    13:54   0:00   0:00 
Jared Spurgeon           1  0  1   0  0   2  3  1  0  0  0/0    24:58   3:08   0:45 
John Tavares             0  3  3   0  0   4  0  0  0  0  12/26  20:53   3:08   0:52 
Marc Staal               0  0  0   0  0   0  0  1  0  0  0/0     2:22   0:00   0:00 
Pavel Buchnevich         0  0  0  -2  0   3  1  0  0  0  0/0    14:42   0:00   0:00 
Pavel Zacha              0  0  0  -2  0   1  0  0  0  0  4/15   14:42   0:00   0:00 
Sean Kuraly              0  0  0   0  0   1  0  0  0  0  4/12    5:58   0:00   0:00 
Taylor Hall              0  0  0   0  0   3  1  0  0  0  0/0     6:20   0:00   0:22 
Tom Wilson               0  1  1   0  0   3  0  0  0  0  0/1    16:15   3:08   0:00 
Zach Parise              0  0  0   0  0   2  0  0  0  0  1/1    18:05   3:14   0:45 

Players Stats for Flyers

Player Name              G  A  P  +/- PIM S  H  SB GA TA FO     MP     PP MP  PK MP  
------------------------------------------------------------------------------------
Brendan Gallagher        1  1  2   1  0   2  2  0  0  0  0/1    19:52   0:00   0:00 
Jake Debrusk             0  0  0   0  0   0  0  0  0  0  0/1    10:52   0:00   4:14 
Jakub Voracek            0  1  1   1  2   3  0  0  0  0  0/2    19:23   0:47   0:00 
Jamie Benn               1  1  2   1  2   4  5  1  0  0  16/24  19:23   0:47   0:00 
Joel Eriksson Ek         0  0  0   1  0   2  2  1  0  0  12/22  15:25   1:12   3:50 
Johan Larsson            0  0  0   0  0   0  2  0  0  0  5/11    9:01   0:00   2:23 
Jonas Brodin             0  0  0   0  0   1  2  0  0  0  0/0    24:34   1:15   1:54 
Nick Schmaltz            0  1  1   1  0   1  1  0  0  0  0/1    10:23   0:00   0:00 
Nino Niederreiter        1  0  1   1  0   2  0  1  0  0  1/2    10:23   0:00   0:00 
Noah Hanifin             0  1  1  -1  0   0  2  1  0  0  0/0    25:00   0:47   2:27 
Ondrej Kase              0  0  0   0  0   4  0  0  0  0  0/0     7:47   0:00   2:00 
Paul Stastny             0  0  0   0  0   0  1  0  0  0  13/21  17:54   1:12   0:17 
Rasmus Andersson         1  1  2   0  0   1  1  0  0  0  0/0    17:41   0:44   0:54 
Ryan Graves              0  1  1   3  0   0  3  0  0  0  0/0    18:46   0:00   3:51 
Tomas Tatar              0  0  0   0  0   3  0  0  0  0  0/1    17:13   1:12   0:00 
Victor Hedman            0  0  0   0  4   1  1  4  0  0  0/0    13:19   0:00   0:30 
Vince Dunn               0  1  1   2  0   2  0  1  0  0  0/0    19:50   1:12   3:08 
William Nylander         0  0  0   0  0   6  0  0  0  0  1/1    16:48   0:47   0:00 

3 Stars

1 - Jamie Benn (PHI)
2 - Brendan Gallagher (PHI)
3 - Ryan Graves (PHI)

Power Play

Flames - 1 on 4 Attempt(s) - 25,00%
Flyers - 0 on 1 Attempt(s) - 0,00%

Penalty Kill

Flames - 1 on 1 Attempt(s) - 100,00% - Score 0 goal in Penalty Kill
Flyers - 3 on 4 Attempt(s) - 75,00% - Score 0 goal in Penalty Kill

Team Stat

Flames - Hits : 16 - Faceoff Wins : 39 - Blocked Shots : 7 - Penalty Minutes : 2
Flyers - Hits : 22 - Faceoff Wins : 48 - Blocked Shots : 9 - Penalty Minutes : 8

Official

Referees : Andrew Howard and Peter MacDougall
Linesman : Michel Cormier and Stephen Drain

Game Notes

Victor Hedman is injured at 13:21 of 2nd period (Sprained Right Knee)

Finance

Level 1 -- Attendance: 6377 (98,11%) -- Ticket Income 701 470 $
Level 2 -- Attendance: 5000 (100,00%) -- Ticket Income 375 000 $
Level 3 -- Attendance: 3274 (93,54%) -- Ticket Income 183 344 $
Level 4 -- Attendance: 1565 (100,00%) -- Ticket Income 62 600 $
Luxury Box -- Attendance: 933 (93,30%) -- Ticket Income 185 667 $
Game was played at the Wells Fargo Center.
Total Attendance: 17149 (97,63%)
Total Ticket Income: 1 508 081 $
Other Income: 738 960 $
Total Income: 2 247 041 $

% Time on Ice - Flames

Lines # - Real PCT - Wanted PCT - Time Play
Normal Forward
1 - 33% - 34% - 16:53
2 - 26% - 30% - 13:07
3 - 29% - 20% - 14:42
4 - 12% - 16% - 5:58
Normal Defense
1 - 35% - 40% - 17:44
2 - 33% - 30% - 16:40
3 - 27% - 20% - 13:54
4 - 5% - 10% - 2:22
PP Forward
1 - 51% - 50% - 3:14
2 - 49% - 50% - 3:08
PP Defense
1 - 49% - 60% - 3:08
2 - 51% - 40% - 3:14
PK Forward
1 - 44% - 50% - 0:52
2 - 56% - 50% - 1:07
PK Defense
1 - 38% - 50% - 0:45
2 - 62% - 50% - 1:14
PK3 Forward
1 - 0% - 60%
2 - 0% - 40%
PK3 Defense
1 - 0% - 60%
2 - 0% - 40%
44 Forward
1 - 0% - 60%
2 - 0% - 40%
44 Defense
1 - 0% - 60%
2 - 0% - 40%
Last Minute Offensive  - 0:59
Last Minute Defensive  - 0:00
Total
Forward - 60:00
Defense - 60:00

% Time on Ice - Flyers

Lines # - Real PCT - Wanted PCT - Time Play
Normal Forward
1 - 37% - 40% - 18:37
2 - 32% - 30% - 16:01
3 - 20% - 20% - 10:23
4 - 11% - 10% - 5:47
Normal Defense
1 - 44% - 40% - 22:25
2 - 27% - 30% - 13:28
3 - 18% - 20% - 9:02
4 - 12% - 10% - 5:53
PP Forward
1 - 39% - 60% - 0:47
2 - 61% - 40% - 1:12
PP Defense
1 - 63% - 60% - 1:15
2 - 37% - 40% - 0:44
PK Forward
1 - 69% - 60% - 4:22
2 - 31% - 40% - 2:00
PK Defense
1 - 40% - 60% - 2:31
2 - 60% - 40% - 3:51
PK3 Forward
1 - 0% - 60%
2 - 0% - 40%
PK3 Defense
1 - 0% - 60%
2 - 0% - 40%
44 Forward
1 - 0% - 60%
2 - 0% - 40%
44 Defense
1 - 0% - 60%
2 - 0% - 40%
Last Minute Offensive  - 0:00
Last Minute Defensive  - 0:51
Total
Forward - 60:00
Defense - 60:00

Play-by-Play

1st period


0:01 of 1st period - John Tavares wins face-off versus Jamie Benn in neutral zone.
0:01 of 1st period - John Tavares is hit by Brendan Gallagher.
0:05 of 1st period - Shot by Charlie Coyle.
0:05 of 1st period - Stopped by Sergei Bobrovsky without a rebound.
0:06 of 1st period - Paul Stastny wins face-off versus Blake Wheeler in Flyers zone.
0:21 of 1st period - Shot by Tom Wilson.
0:21 of 1st period - Stopped by Sergei Bobrovsky without a rebound.
0:22 of 1st period - Joel Eriksson Ek wins face-off versus Brandon Tanev in Flyers zone.
1:40 of 1st period - Shot by John Tavares.
1:40 of 1st period - Shot Hit the Post.
1:46 of 1st period - Esa Lindell is hit by Jamie Benn and loses puck.
2:16 of 1st period - Icing by Jared Spurgeon.
2:17 of 1st period - Paul Stastny wins face-off versus John Tavares in Flames zone.
2:57 of 1st period - Shot by Ben Chiarot.
2:57 of 1st period - Stopped by Sergei Bobrovsky without a rebound.
2:58 of 1st period - Johan Larsson wins face-off versus Pavel Zacha in Flyers zone.
3:09 of 1st period - Icing by Johan Larsson.
3:10 of 1st period - Johan Larsson wins face-off versus Sean Kuraly in Flyers zone.
3:33 of 1st period - Shot by Blake Wheeler.
3:33 of 1st period - Stopped by Sergei Bobrovsky with a rebound.
3:38 of 1st period - Minor Penalty to Victor Hedman for High sticking.
3:39 of 1st period - John Tavares wins face-off versus Joel Eriksson Ek in Flyers zone.
4:01 of 1st period - Shot by Jared Spurgeon.
4:01 of 1st period - Shot Misses the Net.
4:03 of 1st period - Shot by Jared Spurgeon.
4:03 of 1st period - Goal by Jared Spurgeon - Flames : 1 - Flyers : 0.
4:04 of 1st period - Pavel Zacha wins face-off versus Jamie Benn in neutral zone.
5:01 of 1st period - Shot by William Nylander.
5:01 of 1st period - Shot Misses the Net.
5:42 of 1st period - Icing by Esa Lindell.
5:43 of 1st period - Joel Eriksson Ek wins face-off versus Blake Wheeler in Flames zone.
5:43 of 1st period - Ryan Graves is hit by Jared Spurgeon and loses puck.
5:57 of 1st period - Nick Schmaltz is hit by Esa Lindell and loses puck.
6:03 of 1st period - Icing by Esa Lindell.
6:04 of 1st period - Zach Parise wins face-off versus Johan Larsson in Flames zone.
6:04 of 1st period - Zach Parise is hit by Johan Larsson.
6:43 of 1st period - Shot by Ondrej Kase.
6:43 of 1st period - Stopped by Curtis McElhinney without a rebound.
6:44 of 1st period - Jamie Benn wins face-off versus John Tavares in Flames zone.
7:43 of 1st period - Off-side.
7:44 of 1st period - Blake Wheeler wins face-off versus Joel Eriksson Ek in neutral zone.
7:49 of 1st period - Shot by Tom Wilson.
7:49 of 1st period - Shot Blocked by Nino Niederreiter.
8:11 of 1st period - Shot by Nick Schmaltz.
8:11 of 1st period - Shot Blocked by Marc Staal.
8:21 of 1st period - Shot by Nick Schmaltz.
8:21 of 1st period - Stopped by Curtis McElhinney without a rebound.
8:22 of 1st period - Paul Stastny wins face-off versus Pavel Zacha in Flames zone.
8:25 of 1st period - Shot by William Nylander.
8:25 of 1st period - Stopped by Curtis McElhinney with a rebound.
8:27 of 1st period - Shot by Paul Stastny.
8:27 of 1st period - Deflect By Tomas Tatar.
8:27 of 1st period - Shot Misses the Net.
9:23 of 1st period - Shot by Jakub Voracek.
9:23 of 1st period - Shot Misses the Net.
9:25 of 1st period - Shot by Jakub Voracek.
9:25 of 1st period - Shot Misses the Net.
9:27 of 1st period - Shot by Victor Hedman.
9:27 of 1st period - Stopped by Curtis McElhinney with a rebound.
9:31 of 1st period - Shot by Brendan Gallagher.
9:31 of 1st period - Stopped by Curtis McElhinney without a rebound.
9:32 of 1st period - Sean Kuraly wins face-off versus Nick Schmaltz in Flames zone.
9:44 of 1st period - Shot by Taylor Hall.
9:44 of 1st period - Stopped by Sergei Bobrovsky without a rebound.
9:45 of 1st period - Brady Tkachuk wins face-off versus Johan Larsson in Flyers zone.
9:55 of 1st period - Off-side.
9:56 of 1st period - Jamie Benn wins face-off versus Sean Kuraly in neutral zone.
11:29 of 1st period - Shot by Tomas Tatar.
11:29 of 1st period - Stopped by Curtis McElhinney without a rebound.
11:30 of 1st period - Joel Eriksson Ek wins face-off versus Pavel Zacha in Flames zone.
11:53 of 1st period - Shot by Nino Niederreiter.
11:53 of 1st period - Goal by Nino Niederreiter - Flames : 1 - Flyers : 1.
11:54 of 1st period - Blake Wheeler wins face-off versus Jake Debrusk in neutral zone.
12:16 of 1st period - Shot by Ondrej Kase.
12:16 of 1st period - Shot Blocked by Jared Spurgeon.
13:07 of 1st period - Shot by Brady Tkachuk.
13:07 of 1st period - Deflect By Charlie Coyle.
13:07 of 1st period - Goal by Charlie Coyle - Flames : 2 - Flyers : 1.
13:08 of 1st period - Pavel Zacha wins face-off versus Paul Stastny in neutral zone.
13:28 of 1st period - Pavel Buchnevich is hit by Ryan Graves and loses puck.
13:44 of 1st period - Tomas Tatar is hit by Alec Martinez and loses puck.
14:11 of 1st period - Shot by Jamie Benn.
14:11 of 1st period - Stopped by Curtis McElhinney with a rebound.
14:13 of 1st period - Shot by Jamie Benn.
14:13 of 1st period - Shot Misses the Net.
14:36 of 1st period - Shot by Jamie Benn.
14:36 of 1st period - Goal by Jamie Benn - Flames : 2 - Flyers : 2.
14:37 of 1st period - Joel Eriksson Ek wins face-off versus Blake Wheeler in neutral zone.
15:16 of 1st period - Shot by Blake Wheeler.
15:16 of 1st period - Shot Blocked by Victor Hedman.
15:18 of 1st period - Shot by Jared Spurgeon.
15:18 of 1st period - Shot Misses the Net.
15:27 of 1st period - Off-side.
15:28 of 1st period - Jamie Benn wins face-off versus John Tavares in neutral zone.
15:28 of 1st period - Brendan Gallagher is hit by Brady Tkachuk and loses puck.
15:50 of 1st period - Shot by Brady Tkachuk.
15:50 of 1st period - Goal by Brady Tkachuk - Flames : 3 - Flyers : 2.
15:51 of 1st period - Pavel Zacha wins face-off versus Paul Stastny in neutral zone.
15:56 of 1st period - Shot by Pavel Buchnevich.
15:56 of 1st period - Stopped by Sergei Bobrovsky with a rebound.
16:28 of 1st period - Shot by William Nylander.
16:28 of 1st period - Shot Misses the Net.
16:30 of 1st period - Shot by Ryan Graves.
16:30 of 1st period - Shot Blocked by Alec Martinez.
17:08 of 1st period - Shot by Tom Wilson.
17:08 of 1st period - Shot Blocked by Victor Hedman.
17:11 of 1st period - Minor Penalty to Victor Hedman for Hooking.
17:12 of 1st period - John Tavares wins face-off versus Joel Eriksson Ek in Flyers zone.
17:17 of 1st period - Shot by Brayden McNabb.
17:17 of 1st period - Stopped by Sergei Bobrovsky with a rebound.
17:19 of 1st period - Shot by Tom Wilson.
17:19 of 1st period - Shot Blocked by Joel Eriksson Ek.
17:21 of 1st period - Shot by Tom Wilson.
17:21 of 1st period - Deflect By John Tavares.
17:21 of 1st period - Stopped by Sergei Bobrovsky without a rebound.
17:22 of 1st period - Blake Wheeler wins face-off versus Joel Eriksson Ek in Flyers zone.
17:48 of 1st period - Icing by Zach Parise.
17:49 of 1st period - Blake Wheeler wins face-off versus Joel Eriksson Ek in Flames zone.
18:02 of 1st period - Shot by Zach Parise.
18:02 of 1st period - Shot Hit the Post.
18:35 of 1st period - Shot by John Tavares.
18:35 of 1st period - Shot Misses the Net.
18:55 of 1st period - Shot by Brady Tkachuk.
18:55 of 1st period - Stopped by Sergei Bobrovsky without a rebound.
18:56 of 1st period - Blake Wheeler wins face-off versus Johan Larsson in Flyers zone.
19:19 of 1st period - Shot by Pavel Buchnevich.
19:19 of 1st period - Stopped by Sergei Bobrovsky with a rebound.
Goals for this period are 3 for Flames vs 2 for Flyers.
Shots for this period are 13 for Flames vs 9 for Flyers.

2nd period


0:01 of 2nd period - Jamie Benn wins face-off versus Blake Wheeler in neutral zone.
0:27 of 2nd period - Jared Spurgeon is hit by Brendan Gallagher and loses puck.
1:25 of 2nd period - Shot by Paul Stastny.
1:25 of 2nd period - Shot Blocked by Ben Chiarot.
1:27 of 2nd period - Shot by Vince Dunn.
1:27 of 2nd period - Stopped by Curtis McElhinney with a rebound.
1:29 of 2nd period - Shot by Tomas Tatar.
1:29 of 2nd period - Stopped by Curtis McElhinney without a rebound.
1:30 of 2nd period - Joel Eriksson Ek wins face-off versus Pavel Zacha in Flames zone.
1:33 of 2nd period - Shot by Nick Schmaltz.
1:33 of 2nd period - Deflect By Nino Niederreiter.
1:33 of 2nd period - Stopped by Curtis McElhinney without a rebound.
1:34 of 2nd period - Joel Eriksson Ek wins face-off versus Pavel Zacha in Flames zone.
1:34 of 2nd period - Joel Eriksson Ek is hit by Alec Martinez.
1:38 of 2nd period - Shot by Nick Schmaltz.
1:38 of 2nd period - Shot Misses the Net.
1:47 of 2nd period - Nino Niederreiter is hit by Ethan Bear and loses puck.
2:02 of 2nd period - Shot by Nick Schmaltz.
2:02 of 2nd period - Shot Misses the Net.
2:04 of 2nd period - Shot by Joel Eriksson Ek.
2:04 of 2nd period - Stopped by Curtis McElhinney without a rebound.
2:05 of 2nd period - Paul Stastny wins face-off versus Sean Kuraly in Flames zone.
2:05 of 2nd period - Victor Hedman is hit by Jared Spurgeon and loses puck.
2:33 of 2nd period - Shot by Blake Wheeler.
2:33 of 2nd period - Shot Misses the Net.
2:41 of 2nd period - Shot by William Nylander.
2:41 of 2nd period - Stopped by Curtis McElhinney without a rebound.
2:42 of 2nd period - Jamie Benn wins face-off versus John Tavares in Flames zone.
2:45 of 2nd period - Shot by Brendan Gallagher.
2:45 of 2nd period - Shot Misses the Net.
2:47 of 2nd period - Shot by Vince Dunn.
2:47 of 2nd period - Stopped by Curtis McElhinney without a rebound.
2:48 of 2nd period - John Tavares wins face-off versus Jamie Benn in Flames zone.
2:53 of 2nd period - Shot by Brady Tkachuk.
2:53 of 2nd period - Shot Misses the Net.
2:55 of 2nd period - Shot by Charlie Coyle.
2:55 of 2nd period - Shot Misses the Net.
2:57 of 2nd period - Shot by Charlie Coyle.
2:57 of 2nd period - Stopped by Sergei Bobrovsky without a rebound.
2:58 of 2nd period - Joel Eriksson Ek wins face-off versus Blake Wheeler in Flyers zone.
3:22 of 2nd period - Shot by Zach Parise.
3:22 of 2nd period - Shot Misses the Net.
3:24 of 2nd period - Shot by Zach Parise.
3:24 of 2nd period - Shot Misses the Net.
3:26 of 2nd period - Shot by Jared Spurgeon.
3:26 of 2nd period - Stopped by Sergei Bobrovsky with a rebound.
3:28 of 2nd period - Shot by Tom Wilson.
3:28 of 2nd period - Stopped by Sergei Bobrovsky without a rebound.
3:29 of 2nd period - Jamie Benn wins face-off versus John Tavares in Flyers zone.
3:31 of 2nd period - Icing by Victor Hedman.
3:32 of 2nd period - Jamie Benn wins face-off versus John Tavares in Flyers zone.
3:45 of 2nd period - Brendan Gallagher is hit by Brady Tkachuk and loses puck.
3:52 of 2nd period - Brayden McNabb is hit by Jamie Benn and loses puck.
4:00 of 2nd period - Brendan Gallagher is hit by Ben Chiarot and loses puck.
4:20 of 2nd period - Icing by Ben Chiarot.
4:21 of 2nd period - John Tavares wins face-off versus Paul Stastny in Flames zone.
4:26 of 2nd period - Shot by Paul Stastny.
4:26 of 2nd period - Deflect By William Nylander.
4:26 of 2nd period - Shot Misses the Net.
4:28 of 2nd period - Shot by Noah Hanifin.
4:28 of 2nd period - Shot Blocked by Brayden McNabb.
4:30 of 2nd period - Shot by Paul Stastny.
4:30 of 2nd period - Shot Misses the Net.
4:32 of 2nd period - Shot by Noah Hanifin.
4:32 of 2nd period - Shot Misses the Net.
4:36 of 2nd period - Shot by Tomas Tatar.
4:36 of 2nd period - Stopped by Curtis McElhinney without a rebound.
4:37 of 2nd period - Nino Niederreiter wins face-off versus Blake Wheeler in Flames zone.
4:50 of 2nd period - Shot by Tom Wilson.
4:50 of 2nd period - Deflect By Blake Wheeler.
4:50 of 2nd period - Stopped by Sergei Bobrovsky without a rebound.
4:51 of 2nd period - Paul Stastny wins face-off versus Pavel Zacha in Flyers zone.
4:51 of 2nd period - Paul Stastny is hit by Pavel Buchnevich.
4:57 of 2nd period - Shot by William Nylander.
4:57 of 2nd period - Stopped by Curtis McElhinney without a rebound.
4:58 of 2nd period - Jamie Benn wins face-off versus Sean Kuraly in Flames zone.
5:26 of 2nd period - Shot by Taylor Hall.
5:26 of 2nd period - Stopped by Sergei Bobrovsky without a rebound.
5:27 of 2nd period - Paul Stastny wins face-off versus John Tavares in Flyers zone.
5:27 of 2nd period - Paul Stastny is hit by Brady Tkachuk.
5:45 of 2nd period - Shot by Brady Tkachuk.
5:45 of 2nd period - Deflect By John Tavares.
5:45 of 2nd period - Stopped by Sergei Bobrovsky with a rebound.
6:06 of 2nd period - Shot by Brady Tkachuk.
6:06 of 2nd period - Stopped by Sergei Bobrovsky without a rebound.
6:07 of 2nd period - Blake Wheeler wins face-off versus Jamie Benn in Flyers zone.
6:07 of 2nd period - Esa Lindell is hit by Victor Hedman and loses puck.
6:12 of 2nd period - Shot by Tom Wilson.
6:12 of 2nd period - Shot Misses the Net.
6:29 of 2nd period - Icing by Zach Parise.
6:30 of 2nd period - Blake Wheeler wins face-off versus Nino Niederreiter in Flames zone.
7:16 of 2nd period - Off-side.
7:17 of 2nd period - Jamie Benn wins face-off versus John Tavares in neutral zone.
7:22 of 2nd period - Shot by Jakub Voracek.
7:22 of 2nd period - Stopped by Curtis McElhinney without a rebound.
7:23 of 2nd period - Jamie Benn wins face-off versus John Tavares in Flames zone.
7:28 of 2nd period - Shot by Jakub Voracek.
7:28 of 2nd period - Stopped by Curtis McElhinney without a rebound.
7:29 of 2nd period - John Tavares wins face-off versus Jamie Benn in Flames zone.
7:36 of 2nd period - Shot by Charlie Coyle.
7:36 of 2nd period - Stopped by Sergei Bobrovsky without a rebound.
7:37 of 2nd period - Jamie Benn wins face-off versus John Tavares in Flyers zone.
7:42 of 2nd period - Shot by Brady Tkachuk.
7:42 of 2nd period - Stopped by Sergei Bobrovsky with a rebound.
8:00 of 2nd period - Shot by John Tavares.
8:00 of 2nd period - Shot Misses the Net.
8:48 of 2nd period - Shot by William Nylander.
8:48 of 2nd period - Shot Misses the Net.
9:04 of 2nd period - Shot by William Nylander.
9:04 of 2nd period - Shot Misses the Net.
9:26 of 2nd period - Shot by Ondrej Kase.
9:26 of 2nd period - Stopped by Curtis McElhinney without a rebound.
9:27 of 2nd period - Joel Eriksson Ek wins face-off versus Sean Kuraly in Flames zone.
9:36 of 2nd period - Shot by Joel Eriksson Ek.
9:36 of 2nd period - Shot Misses the Net.
9:46 of 2nd period - Shot by Sean Kuraly.
9:46 of 2nd period - Stopped by Sergei Bobrovsky without a rebound.
9:47 of 2nd period - Jamie Benn wins face-off versus Pavel Zacha in Flyers zone.
10:03 of 2nd period - Icing by Alec Martinez.
10:04 of 2nd period - Paul Stastny wins face-off versus Pavel Zacha in Flames zone.
10:23 of 2nd period - Icing by Rasmus Andersson.
10:24 of 2nd period - Paul Stastny wins face-off versus Tom Wilson in Flyers zone.
10:41 of 2nd period - Shot by Blake Wheeler.
10:41 of 2nd period - Shot Misses the Net.
10:59 of 2nd period - Zach Parise is hit by Rasmus Andersson and loses puck.
11:02 of 2nd period - Shot by Tom Wilson.
11:02 of 2nd period - Shot Blocked by Noah Hanifin.
11:04 of 2nd period - Shot by Tom Wilson.
11:04 of 2nd period - Shot Misses the Net.
11:25 of 2nd period - Brandon Tanev is hit by Noah Hanifin and loses puck.
11:57 of 2nd period - Minor Penalty to Jakub Voracek for High sticking.
11:58 of 2nd period - John Tavares wins face-off versus Joel Eriksson Ek in Flyers zone.
12:34 of 2nd period - Brady Tkachuk is hit by Joel Eriksson Ek and loses puck.
13:07 of 2nd period - Shot by Zach Parise.
13:07 of 2nd period - Stopped by Sergei Bobrovsky without a rebound.
13:08 of 2nd period - Blake Wheeler wins face-off versus Johan Larsson in Flyers zone.
13:15 of 2nd period - Shot by Esa Lindell.
13:15 of 2nd period - Shot Blocked by Victor Hedman.
13:17 of 2nd period - Shot by Charlie Coyle.
13:17 of 2nd period - Shot Misses the Net.
13:19 of 2nd period - Shot by Jared Spurgeon.
13:19 of 2nd period - Shot Misses the Net.
13:21 of 2nd period - Shot by Esa Lindell.
13:21 of 2nd period - Shot Blocked by Victor Hedman.
13:21 of 2nd period - Victor Hedman from Flyers is injured at 13:21 of 2nd period (Sprained Right Knee).
13:22 of 2nd period - Blake Wheeler wins face-off versus Joel Eriksson Ek in Flyers zone.
14:22 of 2nd period - Shot by Ethan Bear.
14:22 of 2nd period - Shot Misses the Net.
14:24 of 2nd period - Shot by Pavel Buchnevich.
14:24 of 2nd period - Shot Misses the Net.
14:26 of 2nd period - Shot by Ethan Bear.
14:26 of 2nd period - Stopped by Sergei Bobrovsky with a rebound.
14:28 of 2nd period - Shot by Ethan Bear.
14:28 of 2nd period - Deflect By Pavel Buchnevich.
14:28 of 2nd period - Shot Misses the Net.
14:30 of 2nd period - Shot by Alec Martinez.
14:30 of 2nd period - Stopped by Sergei Bobrovsky without a rebound.
14:31 of 2nd period - Paul Stastny wins face-off versus Sean Kuraly in Flyers zone.
14:31 of 2nd period - Paul Stastny is hit by Taylor Hall.
14:51 of 2nd period - Shot by Blake Wheeler.
14:51 of 2nd period - Shot Misses the Net.
14:53 of 2nd period - Shot by Brayden McNabb.
14:53 of 2nd period - Stopped by Sergei Bobrovsky with a rebound.
16:16 of 2nd period - Shot by Jamie Benn.
16:16 of 2nd period - Stopped by Curtis McElhinney with a rebound.
16:19 of 2nd period - Icing by Alec Martinez.
16:20 of 2nd period - Pavel Zacha wins face-off versus Joel Eriksson Ek in Flames zone.
16:20 of 2nd period - Pavel Zacha is hit by Joel Eriksson Ek.
16:29 of 2nd period - Shot by Pavel Buchnevich.
16:29 of 2nd period - Stopped by Sergei Bobrovsky without a rebound.
16:30 of 2nd period - Blake Wheeler wins face-off versus Joel Eriksson Ek in Flyers zone.
17:27 of 2nd period - Shot by Jakub Voracek.
17:27 of 2nd period - Shot Misses the Net.
17:29 of 2nd period - Shot by Brendan Gallagher.
17:29 of 2nd period - Goal by Brendan Gallagher - Flames : 3 - Flyers : 3.
17:30 of 2nd period - Paul Stastny wins face-off versus John Tavares in neutral zone.
17:35 of 2nd period - Shot by William Nylander.
17:35 of 2nd period - Shot Misses the Net.
17:37 of 2nd period - Shot by Rasmus Andersson.
17:37 of 2nd period - Shot Blocked by Charlie Coyle.
17:47 of 2nd period - Shot by Paul Stastny.
17:47 of 2nd period - Shot Misses the Net.
18:01 of 2nd period - Shot by William Nylander.
18:01 of 2nd period - Shot Misses the Net.
18:13 of 2nd period - Jonas Brodin is hit by Brady Tkachuk and loses puck.
18:28 of 2nd period - Shot by Jamie Benn.
18:28 of 2nd period - Shot Blocked by Esa Lindell.
19:17 of 2nd period - Shot by Nick Schmaltz.
19:17 of 2nd period - Deflect By Nino Niederreiter.
19:17 of 2nd period - Shot Misses the Net.
19:19 of 2nd period - Shot by Noah Hanifin.
19:19 of 2nd period - Shot Misses the Net.
19:47 of 2nd period - Shot by Ondrej Kase.
19:47 of 2nd period - Stopped by Curtis McElhinney without a rebound.
19:48 of 2nd period - Paul Stastny wins face-off versus Sean Kuraly in Flames zone.
Goals for this period are 0 for Flames vs 1 for Flyers.
Shots for this period are 15 for Flames vs 14 for Flyers.

3rd period


0:01 of 3rd period - Blake Wheeler wins face-off versus Jamie Benn in neutral zone.
0:19 of 3rd period - Noah Hanifin is hit by Jared Spurgeon.
0:57 of 3rd period - Minor Penalty to Brady Tkachuk for Hooking.
0:58 of 3rd period - Brandon Tanev wins face-off versus Paul Stastny in Flames zone.
1:25 of 3rd period - Off-side.
1:26 of 3rd period - Jamie Benn wins face-off versus Blake Wheeler in neutral zone.
1:42 of 3rd period - Shot by Zach Parise.
1:42 of 3rd period - Shot Misses the Net.
1:44 of 3rd period - Shot by Zach Parise.
1:44 of 3rd period - Deflect By Brandon Tanev.
1:44 of 3rd period - Shot Misses the Net.
1:54 of 3rd period - Blake Wheeler is hit by Jamie Benn and loses puck.
2:04 of 3rd period - Icing by Jamie Benn.
2:05 of 3rd period - Jamie Benn wins face-off versus Blake Wheeler in Flyers zone.
3:47 of 3rd period - Icing by Jonas Brodin.
3:48 of 3rd period - Joel Eriksson Ek wins face-off versus Sean Kuraly in Flyers zone.
4:34 of 3rd period - Minor Penalty to Jamie Benn for High sticking.
4:35 of 3rd period - John Tavares wins face-off versus Johan Larsson in Flyers zone.
5:18 of 3rd period - Icing by Brayden McNabb.
5:19 of 3rd period - Johan Larsson wins face-off versus John Tavares in Flames zone.
5:20 of 3rd period - Shot by Jonas Brodin.
5:20 of 3rd period - Stopped by Curtis McElhinney with a rebound.
6:07 of 3rd period - Shot by Zach Parise.
6:07 of 3rd period - Stopped by Sergei Bobrovsky without a rebound.
6:08 of 3rd period - Johan Larsson wins face-off versus Blake Wheeler in Flyers zone.
6:42 of 3rd period - Jakub Voracek is hit by Alec Martinez and loses puck.
7:03 of 3rd period - Shot by Jamie Benn.
7:03 of 3rd period - Stopped by Curtis McElhinney with a rebound.
7:05 of 3rd period - Shot by Brendan Gallagher.
7:05 of 3rd period - Shot Misses the Net.
7:25 of 3rd period - Shot by Paul Stastny.
7:25 of 3rd period - Shot Misses the Net.
8:17 of 3rd period - Ben Chiarot is hit by Johan Larsson.
8:20 of 3rd period - Brady Tkachuk is hit by Jonas Brodin and loses puck.
8:48 of 3rd period - Shot by John Tavares.
8:48 of 3rd period - Shot Hit the Post.
9:19 of 3rd period - Shot by Jared Spurgeon.
9:19 of 3rd period - Shot Misses the Net.
9:21 of 3rd period - Shot by Esa Lindell.
9:21 of 3rd period - Stopped by Sergei Bobrovsky without a rebound.
9:22 of 3rd period - Sean Kuraly wins face-off versus Paul Stastny in Flyers zone.
9:29 of 3rd period - Jared Spurgeon is hit by Paul Stastny and loses puck.
9:42 of 3rd period - Shot by William Nylander.
9:42 of 3rd period - Stopped by Curtis McElhinney without a rebound.
9:43 of 3rd period - John Tavares wins face-off versus Brendan Gallagher in Flames zone.
10:05 of 3rd period - Shot by Brendan Gallagher.
10:05 of 3rd period - Shot Misses the Net.
10:07 of 3rd period - Shot by Rasmus Andersson.
10:07 of 3rd period - Goal by Rasmus Andersson - Flames : 3 - Flyers : 4.
10:08 of 3rd period - Blake Wheeler wins face-off versus Paul Stastny in neutral zone.
10:10 of 3rd period - Off-side.
10:11 of 3rd period - Blake Wheeler wins face-off versus Paul Stastny in neutral zone.
10:38 of 3rd period - Off-side.
10:39 of 3rd period - John Tavares wins face-off versus Jamie Benn in neutral zone.
11:05 of 3rd period - Shot by Charlie Coyle.
11:05 of 3rd period - Stopped by Sergei Bobrovsky without a rebound.
11:06 of 3rd period - William Nylander wins face-off versus Blake Wheeler in Flyers zone.
11:14 of 3rd period - Off-side.
11:15 of 3rd period - Joel Eriksson Ek wins face-off versus Brandon Tanev in neutral zone.
11:40 of 3rd period - Icing by Esa Lindell.
11:41 of 3rd period - Jamie Benn wins face-off versus Pavel Zacha in Flames zone.
12:46 of 3rd period - Icing by Ryan Graves.
12:47 of 3rd period - John Tavares wins face-off versus Tomas Tatar in Flyers zone.
13:00 of 3rd period - Shot by Tomas Tatar.
13:00 of 3rd period - Deflect By William Nylander.
13:00 of 3rd period - Stopped by Curtis McElhinney without a rebound.
13:01 of 3rd period - Sean Kuraly wins face-off versus Joel Eriksson Ek in Flames zone.
13:01 of 3rd period - Sean Kuraly is hit by Nick Schmaltz.
13:11 of 3rd period - Shot by Taylor Hall.
13:11 of 3rd period - Stopped by Sergei Bobrovsky without a rebound.
13:12 of 3rd period - Paul Stastny wins face-off versus John Tavares in Flyers zone.
13:18 of 3rd period - Paul Stastny is hit by Ben Chiarot and loses puck.
13:29 of 3rd period - Shot by John Tavares.
13:29 of 3rd period - Shot Blocked by Vince Dunn.
13:35 of 3rd period - Shot by Brady Tkachuk.
13:35 of 3rd period - Shot Misses the Net.
13:37 of 3rd period - Shot by Charlie Coyle.
13:37 of 3rd period - Shot Misses the Net.
13:39 of 3rd period - Shot by Brady Tkachuk.
13:39 of 3rd period - Stopped by Sergei Bobrovsky with a rebound.
13:41 of 3rd period - Shot by John Tavares.
13:41 of 3rd period - Stopped by Sergei Bobrovsky with a rebound.
14:12 of 3rd period - Off-side.
14:13 of 3rd period - Jamie Benn wins face-off versus Pavel Zacha in neutral zone.
14:20 of 3rd period - Pavel Zacha is hit by Jamie Benn and loses puck.
14:47 of 3rd period - Shot by Pavel Zacha.
14:47 of 3rd period - Stopped by Sergei Bobrovsky with a rebound.
15:00 of 3rd period - Icing by Jamie Benn.
15:01 of 3rd period - Blake Wheeler wins face-off versus Jakub Voracek in Flyers zone.
15:30 of 3rd period - Shot by Nick Schmaltz.
15:30 of 3rd period - Shot Misses the Net.
15:32 of 3rd period - Shot by Jonas Brodin.
15:32 of 3rd period - Shot Hit the Post.
15:34 of 3rd period - Shot by Joel Eriksson Ek.
15:34 of 3rd period - Stopped by Curtis McElhinney without a rebound.
15:35 of 3rd period - John Tavares wins face-off versus Johan Larsson in Flames zone.
15:42 of 3rd period - Shot by Ondrej Kase.
15:42 of 3rd period - Stopped by Curtis McElhinney without a rebound.
15:43 of 3rd period - Paul Stastny wins face-off versus John Tavares in Flames zone.
15:44 of 3rd period - Shot by William Nylander.
15:44 of 3rd period - Stopped by Curtis McElhinney with a rebound.
15:53 of 3rd period - Shot by Ben Chiarot.
15:53 of 3rd period - Deflect By Brady Tkachuk.
15:53 of 3rd period - Stopped by Sergei Bobrovsky with a rebound.
16:13 of 3rd period - Shot by John Tavares.
16:13 of 3rd period - Stopped by Sergei Bobrovsky without a rebound.
16:14 of 3rd period - Joel Eriksson Ek wins face-off versus Blake Wheeler in Flyers zone.
16:21 of 3rd period - Icing by Esa Lindell.
16:22 of 3rd period - Blake Wheeler wins face-off versus Jamie Benn in Flames zone.
16:26 of 3rd period - Tom Wilson is hit by Ryan Graves and loses puck.
16:29 of 3rd period - Shot by Jared Spurgeon.
16:29 of 3rd period - Shot Blocked by Jamie Benn.
16:35 of 3rd period - Shot by Tom Wilson.
16:35 of 3rd period - Deflect By Blake Wheeler.
16:35 of 3rd period - Shot Misses the Net.
16:48 of 3rd period - Tom Wilson is hit by Ryan Graves.
16:52 of 3rd period - Shot by Tom Wilson.
16:52 of 3rd period - Stopped by Sergei Bobrovsky without a rebound.
16:53 of 3rd period - Brady Tkachuk wins face-off versus Paul Stastny in Flyers zone.
16:55 of 3rd period - John Tavares is hit by Noah Hanifin and loses puck.
17:47 of 3rd period - Icing by Jared Spurgeon.
17:48 of 3rd period - Sean Kuraly wins face-off versus Jakub Voracek in Flames zone.
17:48 of 3rd period - Sean Kuraly is hit by Jamie Benn.
18:16 of 3rd period - Shot by Jakub Voracek.
18:16 of 3rd period - Stopped by Curtis McElhinney without a rebound.
18:17 of 3rd period - Joel Eriksson Ek wins face-off versus Pavel Zacha in Flames zone.
18:44 of 3rd period - Shot by Ethan Bear.
18:44 of 3rd period - Shot Misses the Net.
18:47 of 3rd period - Brandon Tanev is hit by Jonas Brodin and loses puck.
19:15 of 3rd period - Off-side.
19:16 of 3rd period - Johan Larsson wins face-off versus Blake Wheeler in neutral zone.
Goals for this period are 0 for Flames vs 1 for Flyers.
Shots for this period are 10 for Flames vs 9 for Flyers.